 Dungeon Crawl Stone Soup version 0.30-a0-118-ga018f8e90f (webtiles) character file.

Game seed: 2942049214290713454

32 NinjaNoafa the Vexing (level 3, 28/28 HPs)
             Began as a Gnoll Hexslinger on Sept 13, 2022.
             Was a Follower of Qazlal.
             Quit the game on level 2 of the Dungeon.
             The game lasted 00:05:05 (1123 turns).

NinjaNoafa the Vexing (Gnoll Hexslinger)            Turns: 1123, Time: 00:05:05

Health: 28/28      AC:  2    Str:  9    XL:     3   Next: 27%
Magic:  7/7        EV: 13    Int: 12    God:    Qazlal [*.....]
Gold:   113        SH:  1    Dex: 14    Spells: 6/7 levels left

rFire   . . .      SeeInvis .    a - +1 sling
rCold   . . .      Faith    .    (no shield)
rNeg    . . .      Spirit   .    c - +0 robe
rPois   .          Reflect  .    (no helmet)
rElec   .          Harm     .    (no cloak)
rCorr   .          Rampage  .    (no gloves)
Will    .....                    (no boots)
Stlth   +.........               (no amulet)
HPRegen 0.09/turn                e - ring of flight
MPRegen 0.10/turn                (no ring)

@: flying
A: fangs 1, strong nose, distributed training
a: Renounce Religion


You were on level 2 of the Dungeon.
You worshipped Qazlal.
Qazlal was aware of your devotion.
You visited 1 branch of the dungeon, and saw 2 of its levels.

You collected 113 gold pieces.

Inventory:

Hand Weapons
 a - a +1 sling (weapon)
 d - a +2 dagger of protection
Missiles
 i - 4 atropa-tipped darts
 k - 26 stones
Armour
 c - a +0 robe (worn)
Jewellery
 e - a ring of flight (left hand)
Scrolls
 b - 2 scrolls of poison
 g - a scroll of identify {unknown}
 n - 2 scrolls of blinking {unknown}
Potions
 f - 2 potions of berserk rage {unknown}
 h - a potion of ambrosia {unknown}
 j - a potion of mutation {unknown}
 l - a potion of degeneration {unknown}
 m - a potion of haste {unknown}
 o - a potion of magic {unknown}


   Skills:
 + Level 2.6 Fighting
 + Level 0.7 Short Blades
 + Level 0.7 Long Blades
 + Level 0.7 Axes
 + Level 0.7 Maces & Flails
 + Level 0.7 Polearms
 + Level 0.7 Staves
 + Level 4.5 Ranged Weapons
 + Level 0.7 Throwing
 + Level 0.7 Armour
 + Level 4.5 Dodging
 + Level 0.7 Stealth
 + Level 0.7 Shields
 + Level 0.7 Unarmed Combat
 + Level 2.8 Spellcasting
 + Level 0.5 Conjurations
 + Level 5.4 Hexes
 + Level 0.5 Summonings
 + Level 0.5 Necromancy
 + Level 0.5 Translocations
 + Level 0.5 Transmutations
 + Level 0.5 Fire Magic
 + Level 0.5 Ice Magic
 + Level 0.5 Air Magic
 + Level 0.5 Earth Magic
 + Level 0.5 Poison Magic
 + Level 0.9 Invocations
 + Level 0.7 Evocations


You had 6 spell levels left.
You knew the following spells:

 Your Spells              Type           Power      Damage    Failure   Level
a - Slow                  Hex            56%        N/A       2%          1

Your spell library contained the following spells:

 Spells                   Type           Power      Damage    Failure   Level
 Inner Flame              Hex/Fire       8%         N/A       22%         3
 Portal Projectile        Hex/Tloc       16%        N/A       22%         3
 Cause Fear               Hex            7%         N/A       26%         4
 Frozen Ramparts          Ice            4%         1d1       52%         3
 Ice Form                 Ice/Tmut       2%         N/A       90%         4
 Summon Ice Beast         Ice/Summ       2%         N/A       90%         4


Dungeon Overview and Level Annotations

Branches:
Dungeon (2/15)

Altars:
Qazlal


Innate Abilities, Weirdness & Mutations

You have very sharp teeth.
Your uncanny sense of smell can sniff out nearby items.
Your experience applies equally to all skills.


Message History

The ball python completely misses you. The ball python constricts you.
The ball python misses you. The ball python constricts you.
You shoot a sling bullet.
The sling bullet closely misses the ball python.
The ball python bites you but does no damage.
The ball python constricts you.
You shoot a sling bullet. The sling bullet hits the ball python.
You kill the ball python!
Qazlal accepts your kill.
You now have 113 gold pieces (gained 6).
You see here a ball python corpse.
A frilled lizard comes into view.
A frilled lizard is nearby!
A frilled lizard is nearby!
A frilled lizard is nearby!
You shoot a sling bullet.
The sling bullet barely misses the frilled lizard.
No target in view!
No target in view!
No target in view!
No target in view!
No target in view!
No target in view!
A frilled lizard is nearby!
A frilled lizard is nearby!
You shoot a sling bullet.
The sling bullet barely misses the frilled lizard.
You shoot a sling bullet.
The sling bullet hits the frilled lizard.
You kill the frilled lizard!
Qazlal accepts your kill.
A ball python comes into view.
A ball python is nearby!
You shoot a sling bullet. The sling bullet hits the ball python!
You kill the ball python!
Qazlal accepts your kill.
No target in view!
No target in view!
An endoplasm comes into view.
Are you sure you want to abandon this character and quit the game? (Confirm with "yes".)

# #J# #.# #.# #.#
#.# #.# #######.#
.......@#
#######.#########
#.........########
#.#######.........
#.# #†######## #.#
#......... #.#####
#.######## #.....#
#.# #####.# #.#


You could see an endoplasm (asleep).

Vanquished Creatures
  A worm (D:2)
  A dart slug (D:2)
  3 bats
  3 endoplasms (D:1)
  A giant cockroach (D:1)
  2 goblins (D:1)
  2 hobgoblins (D:1)
  3 kobolds
  6 ball pythons
  4 frilled lizards
  2 rats (D:1)
28 creatures vanquished.

Vanquished Creatures (others)
  A fungus (D:1)
  A plant (D:1)
2 creatures vanquished.

Grand Total: 30 creatures vanquished

Notes
Turn   | Place    | Note
-------+----------+-------------------------------------------
     0 | D:1      | NinjaNoafa the Gnoll Hexslinger began the quest for the
                  | Orb.
     0 | D:1      | Reached XP level 1. HP: 17/17 MP: 4/4
   185 | D:1      | Reached XP level 2. HP: 12/23 MP: 5/5
   755 | D:1      | Found a faded altar of an unknown god.
   761 | D:1      | Prayed at the altar of an unknown god.
   761 | D:1      | Became a worshipper of Qazlal Stormbringer
   761 | D:1      | Reached * piety under Qazlal
   903 | D:2      | Reached XP level 3. HP: 28/28 MP: 7/7
  1123 | D:2      | Quit the game

Illustrated notes

Levels and vault maps discovered:
D:1:      saegor_arrival_simple_d, layout_basic, serial_glass, glass_columns_b,
          glass_columns_b, shapermc_ecumenical_altar_petra
D:2:      layout_loops_ring

Action                   || total
-------------------------++-------
Melee: Dagger            ||     1
 Fire: Sling             ||    79
 Cast: Slow              ||     1
Armor: Robe              ||     5
Dodge: Dodged            ||    22
Block: Other             ||     1

Table legend: (Time is in decaauts)
 A = Elapsed time spent in this place.
 B = Non-inter-level travel time spent in this place.
 C = Inter-level travel time spent in this place.
 D = Time resting spent in this place.
 E = Time spent auto-exploring this place.
 F = Levels seen in this place.
 G = Mean time per level.
                   A        B        C        D        E       F      G
               +--------+--------+--------+--------+--------+-----+--------+
         Total |   1135 |   1111 |     24 |      0 |    949 |   2 |  567.5 |
       Dungeon |   1135 |   1111 |     24 |      0 |    949 |   2 |  567.5 |
               +--------+--------+--------+--------+--------+-----+--------+

Top non-repeatable levels by time:
     D:1: 829 daAuts
     D:2: 305 daAuts
